 Dungeon Crawl Stone Soup version 0.30.0-29-ga12c61a403 (webtiles) character file.

Game seed: 10680632569759268806

2130 Fodor the Covered (level 9, -1/70 (75) HPs)
             Began as a Minotaur Fighter on June 15, 2023.
             Was a Follower of Uskayaw.
             Slain by an ancient zyme (5 damage)
             ... on level 2 of the Abyss.
             The game lasted 00:24:15 (4394 turns).

Fodor the Covered (Minotaur Fighter)                Turns: 4394, Time: 00:24:15

HP:   -1/70 (75)    AC: 11    Str: 29    XL:     9   Next: 8%
MP:   8/8           EV: 26    Int:  1    God:    Uskayaw [*.....]
Gold: 295           SH:  5    Dex:  8    Spells: 8/8 levels left

rFire   . . .        y - +2 dagger (venom)
rCold   . . .        c - +0 buckler
rNeg    . . .        b - +0 scale mail
rPois   .            w - +1 hat
rElec   .            (no cloak)
rCorr   .            (no gloves)
SInv    .            t - +0 pair of boots
Will    .....        i - amulet of the acrobat Stlth
                     g - +6 ring of strength
HPRegen 0.00/turn    p - +4 ring of protection
MPRegen 0.11/turn

%: acrobat
@: acrobatic, sick, slowed, drained, very slow
A: horns 2, retaliatory headbutt, [clumsy 2], [deformed body], [dopey 2],
[screaming 2], [subdued magic 2]
a: Renounce Religion, Stomp


You were on level 2 of the Abyss.
You worshipped Uskayaw.
Uskayaw was noncommittal.
You visited 1 branch of the dungeon, and saw 5 of its levels.
You visited the Abyss 1 time.

You collected 295 gold pieces.

Inventory:

Hand Weapons
 a - a +0 long sword
 d - a +2 short sword of distortion
 y - a +2 dagger of venom (weapon)
Missiles
 j - 13 stones
 q - 4 poisoned darts
 B - 4 boomerangs (quivered)
Armour
 b - a +0 scale mail (worn)
 c - a +0 buckler (worn)
 t - a +0 pair of boots (worn)
 w - a +1 hat (worn)
Jewellery
 g - a +6 ring of strength (left hand)
 i - an amulet of the acrobat (around neck)
 p - a +4 ring of protection (right hand)
 z - a ring of flight
Wands
 o - a wand of iceblast (14)
 s - a wand of flame (12)
Scrolls
 e - 8 scrolls of identify {unknown}
 f - a scroll of magic mapping {unknown}
 h - a scroll of fog {unknown}
 k - a scroll of acquirement {unknown}
 l - 2 scrolls of enchant weapon {unknown}
 m - 2 scrolls of teleportation {unknown}
 n - a scroll of poison {unknown}
 r - 2 scrolls of amnesia {unknown}
 x - a scroll of immolation {unknown}
 A - a scroll of silence {unknown}
 C - 2 scrolls of butterflies {unknown}
Potions
 v - a potion of attraction {unknown}


   Skills:
 + Level 5.9 Fighting
 + Level 5.0(6.3) Short Blades
 + Level 6.3(7.3) Long Blades
 + Level 1.1 Throwing
 + Level 7.7 Armour
 + Level 4.6 Dodging
 + Level 2.5 Stealth
 + Level 6.0 Shields


You had 8 spell levels left.
You didn't know any spells.
Your spell library contained the following spells:

 Spells                   Type           Power      Damage    Failure   Level
 Blink                    Tloc           0%         N/A       89%         2
 Ozocubu's Armour         Ice            0%         N/A       99%         3
 Animate Dead             Necr           0%         N/A       100%        4
 Manifold Assault         Tloc           0%         N/A       100%        4
 Blade Hands              Tmut           0%         N/A       100%        5
 Borgnjor's Vile Clutch   Necr/Erth      0%         N/A       100%        5
 Irradiate                Conj/Tmut      0%         3d11      100%        5
 Death Channel            Necr           0%         N/A       100%        6
 Dragon Form              Tmut           0%         N/A       100%        7
 Ozocubu's Refrigeration  Ice            0%         4d7       100%        7
 Storm Form               Tmut/Air       0%         N/A       100%        7


Dungeon Overview and Level Annotations

Branches:
Dungeon (5/15)
 Temple: D:4-7

Altars:
Ashenzari
Elyvilon
Hepliaklqana
Makhleb
Qazlal
Sif Muna
Uskayaw

Portals:
Abyss: D:5

Annotations:
D:5 1 transporter


Innate Abilities, Weirdness & Mutations

You have a pair of horns on your head.
You reflexively headbutt those who attack you in melee.
[You are very clumsy. (Dex -4)]
[Armour fits poorly on your strangely shaped body.]
[You are very dopey. (Int -4)]
[You frequently scream uncontrollably at your foes.]
[Your spells are easier to cast, but less powerful.]


Message History

Found a corrupted altar of Lugonu.
You feel ill.
Found a corrupted altar of Lugonu.
You feel ill.
A lich comes into view.
The lich shouts!
The lich casts a spell at you.
You feel yourself slow down.
There is an empty arch of ancient stone here.
The lich closely misses you. You furiously retaliate!
You headbutt the lich. You block the lich's attack.
The lich touches you but does no damage.
The lich touches you.
You feel drained. The lich attacks as you move away! The lich touches you!
* * * LOW HITPOINT WARNING * * *
You feel drained.
* * * LOW HITPOINT WARNING * * *
The lich gestures at you while chanting.
The bolt of cold misses you.
The lich gestures wildly while chanting.
The lich flickers and vanishes!
Deactivating autopickup; reactivate with Ctrl-A.
You feel ill. Something misses you.
The ancient zyme attacks as you move away!
The ancient zyme closely misses you. You block the ancient zyme's attack.
You feel ill. Something touches you!
* * * LOW HITPOINT WARNING * * *
You feel drained.
* * * LOW HITPOINT WARNING * * *
You feel ill. Something barely misses you.
Something touches you but does no damage.
You feel ill.
The ancient zyme attacks as you move away!
The ancient zyme hits you.
* * * LOW HITPOINT WARNING * * *
The ancient zyme hits you but does no damage.
You feel ill. The ancient zyme closely misses you. The ancient zyme hits you.
You die...

. ............#.#
#..............#.
.#..#..###.........'
...#....##......####
...............#
##..####.....###
#......#.#.###
##...x.#.#
#...@###.#
#....#..#.# ......#
.##.# #...#. .# ..
.#. # .# # .# .. .#


You could see an ancient zyme.

Vanquished Creatures
  The ghost of Kamelo the Digger, a novice GrEE (D:5)
  Grinder (D:3)
  Sigmund (D:5)
  Eustachio (D:5)
  A large abomination (Abyss:1)
  The ghost of ErythorbicAcid the Trooper, an amateur DrBe of Trog (D:3)
  An ice beast (D:5)
  A centaur (D:5)
  A phantom (D:4)
  A kobold brigand (D:5)
  Blork the orc (D:5)
  A scorpion (D:4)
  2 small abominations (D:5)
  A centaur zombie (D:3)
  2 orc priests
  A gnoll bouda (D:5)
  3 hounds
  An iron imp (D:5)
  A centaur skeleton (D:3)
  Terence (D:3)
  An orc wizard (D:5)
  Robin (D:3)
  11 gnolls
  7 adders
  A white imp (D:5)
  A worm (D:2)
  3 dart slugs
  14 orcs
  6 ball pythons
  2 bats
  7 endoplasms
  4 giant cockroaches
  12 hobgoblins
  4 jackals (D:3)
  4 kobolds
  7 quokkas
  2 frilled lizards (D:1)
  15 goblins
  5 rats
131 creatures vanquished.

Vanquished Creatures (others)
  An orc wizard (D:2)
1 creature vanquished.

Grand Total: 132 creatures vanquished

Notes
Turn   | Place    | Note
-------+----------+-------------------------------------------
     0 | D:1      | Fodor the Minotaur Fighter began the quest for the Orb.
     0 | D:1      | Reached XP level 1. HP: 19/19 MP: 0/0
   177 | D:1      | Found a faded altar of an unknown god.
   240 | D:1      | Prayed at the altar of an unknown god.
   240 | D:1      | Became a worshipper of Uskayaw the Reveller
   240 | D:1      | Reached * piety under Uskayaw
   304 | D:1      | Reached XP level 2. HP: 27/27 MP: 1/1
   432 | D:1      | Reached skill level 4 in Armour
   491 | D:1      | Reached ** piety under Uskayaw
   891 | D:2      | Reached XP level 3. HP: 30/33 MP: 2/2
  1008 | D:2      | Reached *** piety under Uskayaw
  1206 | D:2      | Found a stormy altar of Qazlal.
  1241 | D:2      | Reached XP level 4. HP: 40/40 MP: 3/3
  1279 | D:2      | Reached skill level 1 in Dodging
  1467 | D:3      | Noticed Terence
  1477 | D:3      | Killed Terence
  1541 | D:3      | Reached XP level 5. HP: 35/46 MP: 4/4
  1590 | D:3      | Found a broken altar of Ashenzari.
  1805 | D:3      | Found a shimmering blue altar of Sif Muna.
  1805 | D:3      | Found a burning altar of Makhleb.
  1835 | D:3      | Noticed Grinder
  1840 | D:3      | Paralysed by Grinder for 4 turns
  1850 | D:3      | Killed Grinder
  1851 | D:3      | Reached skill level 5 in Long Blades
  1851 | D:3      | Reached skill level 5 in Armour
  1851 | D:3      | Reached XP level 6. HP: 22/53 MP: 5/5
  2394 | D:3      | Noticed Robin
  2411 | D:3      | Killed Robin
  2610 | D:3      | Found a runed translucent gate.
  2610 | D:3      | Found a runed translucent gate.
  2610 | D:3      | Found a runed translucent gate.
  2617 | D:3      | Noticed ErythorbicAcid's ghost (amateur DrBe)
  2655 | D:3      | Killed ErythorbicAcid's ghost
  2656 | D:3      | Reached XP level 7. HP: 52/60 MP: 6/6
  2658 | D:3      | Reached **** piety under Uskayaw
  2659 | D:3      | Reached skill level 5 in Fighting
  2734 | D:4      | Found a hazy altar of Hepliaklqana.
  2748 | D:4      | Reached skill level 5 in Shields
  2807 | D:4      | Found a white marble altar of Elyvilon.
  2825 | D:4      | Reached skill level 6 in Armour
  2869 | D:4      | Reached skill level 1 in Short Blades
  2869 | D:4      | Reached skill level 1 in Stealth
  3276 | D:5      | Entered Level 5 of the Dungeon
  3534 | D:5      | Found a one-way gate to the infinite horrors of the Abyss.
  3534 | D:5      | Noticed Kamelo's ghost (novice GrEE)
  3571 | D:5      | Reached XP level 8. HP: 59/68 MP: 7/7
  3870 | D:5      | Noticed Sigmund
  3871 | D:5      | Noticed Eustachio
  3895 | D:5      | Killed Sigmund
  3896 | D:5      | Reached skill level 1 in Throwing
  3905 | D:5      | Killed Eustachio
  3978 | D:5      | Noticed Blork the orc
  4011 | D:5      | Killed Blork the orc
  4012 | D:5      | Reached skill level 7 in Armour
  4023 | D:5      | Found a transporter.
  4045 | D:5      | Found a transporter.
  4102 | D:5      | Killed Kamelo's ghost
  4103 | D:5      | Reached XP level 9. HP: 34/75 MP: 8/8
  4227 | D:5      | Voluntarily entered the Abyss.
  4295 | Abyss:1  | Reached skill level 5 in Short Blades
  4315 | Abyss:1  | Noticed a wretched star
  4333 | Abyss:1  | Noticed a tentacled starspawn
  4369 | Abyss:2  | Noticed an ancient zyme
  4371 | Abyss:2  | Found a corrupted altar of Lugonu.
  4372 | Abyss:2  | Found a corrupted altar of Lugonu.
  4380 | Abyss:2  | Noticed a lich
  4394 | Abyss:2  | Slain by an ancient zyme

Illustrated notes

Levels and vault maps discovered:
D:1:      lightli_arrival_lavapool, layout_loops_cross,
          hellmonk_ecumenical_altar_crossroads, minmay_misc_feat_nine_boxes,
          minmay_misc_feat_roman
D:2:      layout_rooms, basic_altar, serial_forest,
          infiniplex_forest_lined_room_3, infiniplex_forest_straight_2,
          infiniplex_forest_straight_3, infiniplex_forest_lined_room_,
          infiniplex_forest_straight_2, infiniplex_forest_clump_tiny,
          infiniplex_forest_end_2
D:3:      layout_loops_corners, amcnicky_altar_gilded,
          gammafunk_temple_overflow_statue, gammafunk_ghost_necromancy,
          chequers_mini_garden, uniq_robin, uniq_crazy_yiuf_cottage,
          uniq_terence, uniq_grinder
D:4:      layout_cave_pools, general_overflow_altar,
          mainiacjoe_overflow_boulevard, kennysheep_opposing_triangles
D:5:      layout_loops_ring, okawaru_ov_weapons_minmay,
          gammafunk_ghost_abyssal_escape, dreamdust_wishing_well,
          kb_lookout_dungeons_type, uniq_eustachio, uniq_blork_the_orc,
          uniq_sigmund
Abyss:2:  base:
D:3

Skill      XL: |  1  2  3  4  5  6  7  8  9 |
---------------+----------------------------+-----
Armour         | 4 5 6 7 |  7.7
Long Blades    | 3 4 5 6 |  6.3
Fighting       | 4 5 |  5.9
Shields        | 4 5 6 |  6.0
Dodging        | 1 2 3 4 |  4.6
Short Blades   | 2 4 5 |  5.0
Stealth        | 1 2 |  2.5
Throwing       | 1 |  1.1

Action                     |  1- 3 |  4- 6 |  7- 9 || total
---------------------------+-------+-------+-------++-------
  Melee: Long sword        |    69 |    89 |       ||   158
         Headbutt          |     8 |    28 |    53 ||    89
         Dagger            |       |    31 |   226 ||   257
  Throw: Boomerang         |       |       |     5 ||     5
    Use: Potion            |     2 |       |     5 ||     7
   Stab: Paralysed         |       |     2 |     6 ||     8
 Armour: Scale mail        |    31 |    60 |    76 ||   167
  Dodge: Dodged            |    41 |    78 |   141 ||   260
  Block: Buckler           |    12 |    27 |    54 ||    93
